 Dungeon Crawl Stone Soup version 0.27.0-1-g7a089689b8 (webtiles) character file.

Game seed: 17244373356964136056

1288 ZARRMARR the Cleaver (level 8, -2/70 HPs)
             Began as a Hill Orc Monk on Aug 5, 2021.
             Splashed by a jelly's acid (5 damage)
             ... on level 5 of the Dungeon.
             The game lasted 00:30:20 (6639 turns).

ZARRMARR the Cleaver (Hill Orc Monk)                Turns: 6639, Time: 00:30:21

Health: -2/70      AC: -10   Str: 16    XL:     8   Next: 55%
Magic:  0/8        EV: 13    Int: 10    God:
Gold:   153        SH:  0    Dex: 13    Spells: 7/7 levels left

rFire    . . .     SeeInvis .   a - +1 hand axe
rCold    . . .     Faith    .   (no shield)
rNeg     + . .     Spirit   +   h - +2 robe {rN+}
rPois    .         Reflect  .   (no helmet)
rElec    .         Harm     .   z - +0 cloak
rCorr    .         Rampage  .   (no gloves)
Will     .....                  (no boots)
Stlth    ++........             g - amulet of guardian spirit
HPRegen  0.21/turn              l - +4 ring of protection
MPRegen  0.11/turn              (no ring)

@: corroded, very slightly contaminated, invisible
A: no striking features
a: no special abilities


You were on level 5 of the Dungeon.
You visited 2 branches of the dungeon, and saw 8 of its levels.
You also visited: Sewer.

You collected 153 gold pieces.

Inventory:

Hand Weapons
 a - a +1 hand axe (weapon)
 b - a +0 whip of flaming
Missiles
 d - 66 stones (quivered)
 e - 6 atropa-tipped darts
Armour
 h - a +2 robe of positive energy (worn)
 x - +0 fire dragon scales
 z - a +0 cloak (worn)
Magical Staves
 f - a staff of air
Jewellery
 g - an amulet of guardian spirit (around neck)
 l - a +4 ring of protection (left hand)
Wands
 c - a wand of polymorph (7)
Scrolls
 p - a scroll of brand weapon
 q - 2 scrolls of enchant armour
 r - 2 scrolls of magic mapping
 w - a scroll of fog
 y - a scroll of enchant weapon
Potions
 i - a potion of berserk rage {unknown}
 j - a potion of cancellation {unknown}
 n - a potion of haste {unknown}
 o - a potion of flight {unknown}
 s - a potion of mutation {unknown}
 t - 2 potions of ambrosia {unknown}
 u - a potion of resistance {unknown}
 v - a potion of magic {unknown}


   Skills:
 + Level 6.0 Fighting
 + Level 9.1 Axes
 + Level 3.9 Throwing
 + Level 2.1 Armour
 + Level 4.2 Dodging
 + Level 2.3 Stealth


You had 7 spell levels left.
You didn't know any spells.
Your spell library contained the following spells:

 Spells                   Type           Power      Damage    Failure   Level
 Freeze                   Ice            0%         1d3       36%         1
 Corpse Rot               Necr/Air       N/A        N/A       50%         2
 Poisonous Vapours        Pois/Air       0%         N/A       50%         2
 Frozen Ramparts          Ice            0%         1d2       75%         3
 Hailstorm                Conj/Ice       0%         3d3       98%         4
 Freezing Cloud           Conj/Ice/Air   0%         6-21      100%        5


Dungeon Overview and Level Annotations

Branches:
Dungeon (7/15)             Temple (1/1) D:4           Sewer (visited)

Altars:
Ashenzari
Cheibriados
Elyvilon
Gozag
Hepliaklqana
Kikubaaqudgha
Makhleb
Nemelex Xobeh
Okawaru
Qazlal
Ru
Sif Muna
Trog
Vehumet
Wu Jian
Xom
Yredelemnul
Zin
The Shining One

Shops:
D:3 (   D:4 =(

Annotations:
D:4 Sigmund


Message History

The jelly misses you.
You hit the jelly but do no damage.
Your hands burn!
* * * LOW HITPOINT WARNING * * *
The jelly is moderately wounded.
The jelly misses you.
You feel much better. The jelly hits you.
You are splashed with acid!
You hit the jelly.
Your hands burn!
* * * LOW HITPOINT WARNING * * *
The jelly is heavily wounded.
The jelly jiggles.
The jelly barely misses you.
You hit the jelly but do no damage.
Your hands burn!
* * * LOW HITPOINT WARNING * * *
The jelly is heavily wounded.
The orc throws a stone.
The stone closely misses the orc.
You hit the jelly but do no damage.
Your hands burn!
* * * LOW HITPOINT WARNING * * *
The jelly is heavily wounded.
The jelly barely misses you.
You hit the jelly but do no damage.
Your hands burn!
* * * LOW HITPOINT WARNING * * *
The jelly is heavily wounded.
You closely miss the orc. The orc barely misses you.
The orc throws a stone.
The stone barely misses the orc.
The stone hits the orc.
The orc dies!
The jelly misses you.
You hit the jelly.
Your hands burn!
* * * LOW HITPOINT WARNING * * *
The jelly is heavily wounded.
The jelly misses you.
You hit the jelly but do no damage.
Your hands burn!
* * * LOW HITPOINT WARNING * * *
The jelly is heavily wounded.
You catch the helpless orc completely off-guard!
You hit the orc. The orc hits you with a +0 hand axe!
* * * LOW HITPOINT WARNING * * *
The jelly hits you.
* * * LOW HITPOINT WARNING * * *
You are splashed with acid.
You die...

#.....# #.....#
#.....#######
#...>....5...
#.....###### ##
#.......### ...
#...####....#
.... #..#
####..####)....
#.#
#8###.@........
#.
#_≈≈##Jo##....
# #..§≈##.####
# ##.§§≈≈#....#
#8_....'.o#.#
##...≈≈#.##.# #
#..≈≈##.##.# #.
#_≈≈##..##.#
#.#
#8###...##.#


You could see a jelly and 2 orcs.

Vanquished Creatures
  Pikel (D:6)
  A sky beast (D:5)
  A necrophage (D:3)
  An ogre (D:5)
  A lemure (D:6)
  2 bullfrogs (Sewer)
  2 hounds
  A centaur skeleton (D:6)
  A jelly (D:6)
  An iguana (D:6)
  Ijyb (D:4)
  An orc wizard (D:6)
  A hound zombie (D:3)
  9 adders
  3 river rats (Sewer)
  An adder skeleton (D:4)
  A worm (D:3)
  2 dart slugs
  An orc (D:6)
  16 ball pythons
  9 endoplasms
  6 giant cockroaches
  3 goblins
  9 hobgoblins
  8 jackals (D:2)
  8 kobolds
  7 quokkas
  6 bats
  6 frilled lizards
  28 rats
138 creatures vanquished.

Vanquished Creatures (others)
  An orc (D:5)
1 creature vanquished.

Grand Total: 139 creatures vanquished

Notes
Turn   | Place    | Note
-------+----------+-------------------------------------------
     0 | D:1      | ZARRMARR the Hill Orc Monk began the quest for the Orb.
     0 | D:1      | Reached XP level 1. HP: 19/19 MP: 1/1
   237 | D:1      | Reached XP level 2. HP: 18/27 MP: 2/2
   690 | D:1      | Found a faded altar of an unknown god.
   840 | D:1      | Reached XP level 3. HP: 33/33 MP: 3/3
  1709 | D:2      | Reached skill level 5 in Axes
  1910 | D:2      | Reached XP level 4. HP: 15/40 MP: 4/4
  3058 | D:3      | Found a shimmering altar of Xom.
  3134 | D:3      | Reached skill level 1 in Throwing
  3407 | D:3      | Reached XP level 5. HP: 43/46 MP: 5/5
  3430 | D:3      | Found a glowing drain.
  3465 | Sewer    | Entered a sewer
  3954 | Sewer    | Reached skill level 6 in Axes
  4493 | Sewer    | Reached XP level 6. HP: 39/53 MP: 3/6
  4888 | Sewer    | Reached skill level 7 in Axes
  5186 | D:3      | Found Bofase's Weapon Shoppe.
  5195 | D:3      | Noticed a necrophage
  5211 | D:3      | Killed a necrophage
  5212 | D:3      | Reached XP level 7. HP: 45/59 MP: 4/7
  5645 | D:4      | Noticed Sigmund
  5688 | D:4      | Found a staircase to the Ecumenical Temple.
  5701 | Temple   | Entered the Ecumenical Temple
  5768 | D:4      | Noticed Ijyb
  5778 | D:4      | Killed Ijyb
  5799 | D:4      | Found Zismo's Weapon Boutique.
  5859 | D:4      | Found Wearaopt's Jewellery Boutique.
  5923 | D:5      | Entered Level 5 of the Dungeon
  5964 | D:5      | Reached skill level 5 in Fighting
  6059 | D:5      | You fall into a shaft and drop 2 floors!
  6068 | D:6      | Noticed Pikel
  6078 | D:6      | Killed Pikel
  6079 | D:6      | Reached skill level 8 in Axes
  6079 | D:6      | Reached skill level 1 in Armour
  6079 | D:6      | Reached XP level 8. HP: 41/70 MP: 4/8
  6564 | D:5      | Found a snail-covered altar of Cheibriados.
  6565 | D:5      | Found an ancient bone altar of Kikubaaqudgha.
  6566 | D:5      | Found an opulent altar of Gozag.
  6599 | D:5      | Reached skill level 9 in Axes
  6639 | D:5      | HP: 3/70 [jelly (1)]
  6639 | D:5      | Splashed by a jelly's acid

Illustrated notes

Levels and vault maps discovered:
D:1:      minmay_arrival_four_loops, layout_basic,
          shapermc_ecumenical_altar_venn
D:2:      layout_loops_ring, hangedman_decor_clover_reticule
D:3:      layout_rooms, xom_teletrap_fun, portal_sewer_entry_f, serial_shops,
          nicolae_shop_stone, kennysheep_generic_room_12
D:4:      layout_layer_cave, mainiacjoe_overflow_concentric_impassable,
          temple_hall, serial_shops, shop, shop, shop,
          minmay_fractal_squares_diagonal_5, uniq_grinder, uniq_sigmund,
          uniq_eustachio, uniq_duvessa, uniq_crazy_yiuf_cottage, uniq_ijyb
D:5:      layout_basic, gammafunk_temple_overflow_claw,
          ebering_ghost_inner_flame
D:6:      layout_rooms, uniq_prince_ribbit1, uniq_pikel
D:7:      layout_rooms
Temple:   eino_wide_crystal_templ

Skill      XL: |  1  2  3  4  5  6  7  8 |
---------------+-------------------------+-----
Fighting       | 4 5 6 |  6.0
Axes           | 5 6 7 8 9 |  9.1
Stealth        | 2 |  2.3
Throwing       | 1 2 3 |  3.9
Dodging        | 3 4 |  4.2
Armour         | 1 2 |  2.1

Action                   |  1- 3 |  4- 6 |  7- 9 || total
-------------------------+-------+-------+-------++-------
Melee: Hand axe          |   128 |   241 |    94 ||   463
Throw: Stone             |    54 |   133 |    21 ||   208
       Dart              |       |       |    19 ||    19
  Use: Scroll            |     1 |     7 |     5 ||    13
       Potion            |       |       |     5 ||     5
 Stab: Sleeping          |     6 |       |       ||     6
       Invisible         |       |       |     1 ||     1
Armor: Robe              |    31 |    41 |    28 ||   100
       Fire dragon scale |       |       |    15 ||    15
Dodge: Dodged            |    74 |   161 |    66 ||   301
